 Dungeon Crawl Stone Soup version 0.27-a0-1147-gb3d8e82157 (webtiles) character file.

Game seed: 9828381055868422239

83 HoaS the Ruffian (level 4, 0/28 HPs)
             Began as a Tengu Berserker on May 11, 2021.
             Was a Believer of Trog.
             Slain by a hobgoblin (1 damage)
             ... led by Robin
             ... on level 2 of the Dungeon.
             The game lasted 00:03:58 (1641 turns).

HoaS the Ruffian (Tengu Berserker)                  Turns: 1641, Time: 00:03:58

Health: 0/28       AC:  2    Str: 19    XL:     4   Next: 44%
Magic:  5/5        EV: 12    Int:  7    God:    Trog [**....]
Gold:   13         SH:  0    Dex: 13    Spells: 3/3 levels left

rFire    . . .     SeeInvis .     - Unarmed
rCold    . . .     Faith    .   (no shield)
rNeg     . . .     Spirit   .   a - +0 animal skin
rPois    .         Reflect  .   (helmet restricted)
rElec    .         Harm     .   (no cloak)
rCorr    .         Rampage  .   (no gloves)
Will     .....                  (boots unavailable)
Stlth    +.........             (no amulet)
HPRegen  0.09/turn              (no ring)
MPRegen  0.09/turn              (no ring)

@: no status effects
A: beak, talons 3
a: Renounce Religion, Berserk, Trog's Hand


You were on level 2 of the Dungeon.
You worshipped Trog.
Trog was pleased with you.
You visited 1 branch of the dungeon, and saw 2 of its levels.

You collected 13 gold pieces.

Inventory:

Armour
 a - a +0 animal skin (worn)
Scrolls
 b - 2 scrolls of magic mapping
Potions
 c - a potion of might
 d - a potion of flight
 e - a potion of haste {unknown}


   Skills:
 - Level 3.0 Fighting
 - Level 2.1 Armour
 - Level 2.1 Dodging
 + Level 5.6 Unarmed Combat


You had 3 spell levels left.
You didn't know any spells.
Your spell library was empty.

Dungeon Overview and Level Annotations

Branches:
Dungeon (2/15)

Altars:


Innate Abilities, Weirdness & Mutations

You have a beak for a mouth.
You have claws for feet.


Message History

The goblin is moderately wounded.
The goblin barely misses you.
You closely miss the goblin.
The goblin is moderately wounded.
The goblin hits you with a +0 club.
You closely miss the goblin. You claw the goblin.
You kill the goblin!
Trog accepts your kill.
You barely miss Robin. You claw Robin.
Robin is lightly wounded.
Robin hits you with a +0 falchion.
You hit Robin. You claw Robin, but do no damage.
Robin is lightly wounded.
Robin hits you with a +0 falchion.
* * * LOW HITPOINT WARNING * * *
You hit Robin. Your kick misses Robin.
Robin is moderately wounded.
You hit Robin. You claw Robin! You peck Robin, but do no damage.
Robin is almost dead.
Robin hits you with a +0 falchion.
* * * LOW HITPOINT WARNING * * *
You punch Robin!
You kill Robin!
Trog accepts your kill.
You hit the hobgoblin but do no damage. You claw the hobgoblin.
Your peck misses the hobgoblin.
The hobgoblin is moderately wounded.
The hobgoblin hits you.
* * * LOW HITPOINT WARNING * * *
You closely miss the hobgoblin. You claw the hobgoblin.
You kill the hobgoblin!
Trog accepts your kill.
You barely miss the hobgoblin. Your kick misses the hobgoblin.
The hobgoblin no longer looks unusually strong.
The hobgoblin misses you.
You hit the hobgoblin.
You claw the hobgoblin, but do no damage.
The hobgoblin is severely wounded.
The hobgoblin hits you.
You die...

#.#
#.#
#.#
#.#
#.#
#.#
#.#
#g#
#@#
###


You could see a hobgoblin.

Vanquished Creatures
  Robin (D:2)
  An adder (D:2)
  A gnoll (D:1)
  A worm (D:2)
  A dart slug (D:1)
  4 ball pythons (D:1)
  3 bats
  A giant cockroach (D:1)
  12 goblins
  5 hobgoblins
  2 jackals (D:1)
  6 kobolds
  A quokka (D:1)
  A frilled lizard (D:1)
  3 rats
43 creatures vanquished.

Notes
Turn   | Place    | Note
-------+----------+-------------------------------------------
     0 | D:1      | HoaS the Tengu Berserker began the quest for the Orb.
     0 | D:1      | Reached XP level 1. HP: 14/14 MP: 2/2
   359 | D:1      | Reached XP level 2. HP: 13/19 MP: 3/3
   464 | D:1      | Reached skill level 4 in Unarmed Combat
   690 | D:1      | Reached XP level 3. HP: 23/23 MP: 4/4
   764 | D:1      | Found a faded altar of an unknown god.
   896 | D:1      | Reached ** piety under Trog
  1233 | D:1      | Reached skill level 5 in Unarmed Combat
  1394 | D:2      | Reached XP level 4. HP: 13/28 MP: 5/5
  1578 | D:2      | Noticed Robin
  1637 | D:2      | Killed Robin
  1638 | D:2      | HP: 1/28 [hobgoblin[Robin] (2)]
  1641 | D:2      | Slain by a hobgoblin

Illustrated notes

Levels and vault maps discovered:
D:1:      onia_arrival_mini_maze, layout_basic, basic_ecumenical_altar,
          minivault_23
D:2:      layout_basic, minmay_fountain_box, uniq_robin

Skill      XL: |  1  2  3 |
---------------+----------+-----
Unarmed Combat | 4 5 |  5.6
Fighting       | |  3.0
Armour         | |  2.1
Dodging        | |  2.1

Action                   |  1- 3 |  4- 6 || total
-------------------------+-------+-------++-------
Melee: Unarmed           |    80 |    24 ||   104
       Kick              |    14 |     9 ||    23
       Peck              |     7 |     3 ||    10
       Punch             |     1 |       ||     1
  Use: Scroll            |     2 |     1 ||     3
Armor: Animal skin       |     8 |     2 ||    10
Dodge: Dodged            |    46 |     4 ||    50

Table legend: (Time is in decaauts)
 A = Elapsed time spent in this place.
 B = Non-inter-level travel time spent in this place.
 C = Inter-level travel time spent in this place.
 D = Time resting spent in this place.
 E = Time spent auto-exploring this place.
 F = Levels seen in this place.
 G = Mean time per level.
                   A        B        C        D        E       F      G
               +--------+--------+--------+--------+--------+-----+--------+
         Total |   1631 |   1592 |     39 |    696 |    603 |   2 |  815.5 |
       Dungeon |   1631 |   1592 |     39 |    696 |    603 |   2 |  815.5 |
               +--------+--------+--------+--------+--------+-----+--------+

Top non-repeatable levels by time:
     D:1: 1178 daAuts
     D:2: 452 daAuts
